 Dungeon Crawl Stone Soup version 0.30.1-9-gdf580d7c3d (webtiles) character file.

Game seed: 10535447261102618400

64 safid the Chiller (level 4, -1/49 HPs)
             Began as a Merfolk Ice Elementalist on Oct 11, 2023.
             Slain by a cerulean imp
             ... wielding a +0 spear
             ... summoned by Natasha
              (3 damage)
             ... on level 2 of the Dungeon.
             The game lasted 00:01:25 (1542 turns).

safid the Chiller (Merfolk Ice Elementalist)        Turns: 1542, Time: 00:01:26

Health: -1/49      AC: 22    Str:  7 (8)  XL:     4   Next: 12%
Magic:  8/8        EV:  2    Int: 15 (16) God:
Gold:   152        SH:  0    Dex: 11 (14) Spells: 4/8 levels left

rFire   . . .        l - +0 rapier
rCold   . . .        (no shield)
rNeg    . . .        a - melded +0 robe
rPois   +            (helmet currently unavailable)
rElec   .            (cloak currently unavailable)
rCorr   .            (gloves currently unavailable)
SInv    .            g - melded +0 pair of boots
Will    .....        (no amulet)
Stlth   ++           (no ring)
HPRegen 0.28/turn    (no ring)
MPRegen 0.11/turn

%: no passive effects
@: tree-form
A: stationary, stasis, torment immunity, boosted hp, (nimble swimmer 2),
(mertail)
a: no special abilities


You were on level 2 of the Dungeon.
You were a tree.
You visited 1 branch of the dungeon, and saw 2 of its levels.

You collected 152 gold pieces.

Inventory:

Hand Weapons
 l - a +0 rapier (weapon)
Missiles
 h - a throwing net
Armour
 a - a +0 robe (melded)
 g - a +0 pair of boots (melded)
Scrolls
 c - a scroll of torment {unknown}
 d - a scroll of enchant armour {unknown}
 e - a scroll of noise {unknown}
 i - 3 scrolls of teleportation {unknown}
 j - a scroll of enchant weapon {unknown}
 m - a scroll of identify {unknown}
Potions
 b - a potion of magic
 f - a potion of lignification
 k - a potion of degeneration


   Skills:
 + Level 2.1 Fighting
 - Level 2.6 Dodging
 - Level 2.1 Stealth
 + Level 2.7 Spellcasting
 + Level 5.0 Ice Magic


You had 4 spell levels left.
You knew the following spells:

 Your Spells              Type           Power      Damage    Failure   Level
a - Freeze                Ice            68%        1d8       2%          1
b - Frozen Ramparts       Ice            34%        1d6       8%          3

Your spell library contained the following spells:

 Spells                   Type           Power      Damage    Failure   Level
 Ozocubu's Armour         Ice            17%        N/A       8%          3
 Summon Ice Beast         Ice/Summ       9%         N/A       58%         4


Dungeon Overview and Level Annotations

Branches:
Dungeon (2/15)

Altars:

Annotations:
D:2 Natasha


Innate Abilities, Weirdness & Mutations

You are a tree.
Your roots penetrate the ground, keeping you stationary.
You cannot be teleported.
You are immune to unholy pain and torment.
Your maximum health is greatly increased.
Your equipment is partially melded.
((You are very nimble when in or above water. (Stealth+, EV+, Speed+++)))
((Your lower body shifts to a powerful aquatic tail in water.))


Message History

Casting: Freeze (safe; 2% risk of failure)
Confirm with . or Enter, or press ? or * to list all spells.
The spell is quite dangerous to miscast (8% risk of failure)!
Continue anyway? [Y]es or [N]o only, please.
The spell is quite dangerous to miscast (8% risk of failure)!
Continue anyway?
Okay, then.
The cerulean imp hits you from afar with a +0 spear.
* * * LOW HITPOINT WARNING * * *
The cerulean imp hits you from afar with a +2 spear.
* * * LOW HITPOINT WARNING * * *
Unknown command.
It was a potion of lignification.
You turn into a tree.
Your +0 pair of boots melds into your body.
Your +0 robe melds into your body.
Your roots penetrate the ground.
The cerulean imp hits you but does no damage. x2
Unknown command.
Unknown command.
Unknown command.
It was a potion of degeneration.
There was something very wrong with that liquid.
You feel weakened.
You feel dopey.
You feel clumsy.
The cerulean imp hits you but does no damage. x2
Unknown command.
The cerulean imp hits you from afar with a +0 spear.
* * * LOW HITPOINT WARNING * * *
Natasha wildly gestures.
Natasha glows brightly for a moment.
Natasha casts a spell.
The cerulean imp hits you from afar with a +2 spear.
* * * LOW HITPOINT WARNING * * *
The cerulean imp hits you but does no damage. x2
The cerulean imp hits you but does no damage. x2
The cerulean imp hits you but does no damage. x2
The cerulean imp hits you from afar with a +0 spear.
* * * LOW HITPOINT WARNING * * *
The cerulean imp hits you but does no damage.
The cerulean imp hits you but does no damage. x2
The cerulean imp hits you but does no damage. x2
The cerulean imp hits you from afar with a +0 spear.
You die...

...............
...#†##.)......
#.##.###....... #....#
#.....# #.#### #...##
#.# #+## #.# #.# ####.
#.#
######.######55....
#.####..........♣.5h.#
#.#...........###.##.#
#.#.#####.....# .#
...<# #.....# .# ....#
#.#.#.# .# ....#
#.###.# .. ###.# #.#
#.# ## #.. ..# #.#
#### ###


You could see Natasha and 3 cerulean imps.

Vanquished Creatures
  Jessica (D:2)
  An adder (D:2)
  4 bats
  3 endoplasms
  2 goblins (D:1)
  3 jackals (D:2)
  A kobold (D:2)
  A quokka (D:1)
  4 ball pythons
  3 frilled lizards (D:1)
  7 rats
30 creatures vanquished.

Notes
Turn   | Place    | Note
-------+----------+-------------------------------------------
     0 | D:1      | safid the Merfolk Ice Elementalist began the quest for the
                  | Orb.
     0 | D:1      | Reached XP level 1. HP: 13/13 MP: 3/3
   352 | D:1      | Reached XP level 2. HP: 5/20 MP: 3/5
   458 | D:1      | Reached skill level 1 in Fighting
   937 | D:2      | Noticed Jessica
   946 | D:2      | Killed Jessica
   947 | D:2      | Reached XP level 3. HP: 27/27 MP: 3/6
   951 | D:2      | Learned a level 3 spell: Frozen Ramparts
  1446 | D:2      | Reached skill level 5 in Ice Magic
  1446 | D:2      | Reached XP level 4. HP: 20/33 MP: 8/8
  1525 | D:2      | Noticed Natasha
  1539 | D:2      | HP: 1/49 [cerulean imp/+0 spear[Natasha] (3)]
  1542 | D:2      | Slain by a cerulean imp

Illustrated notes

Levels and vault maps discovered:
D:1:      minmay_arrival_shattered_statue, layout_loops_ring,
          minmay_misc_feat_chi, minmay_indecisive_spiral
D:2:      layout_loops_corners, minmay_snake_closets, uniq_natasha, uniq_jessica

Skill      XL: |  1  2  3 |
---------------+----------+-----
Fighting       | 1 2 |  2.1
Ice Magic      | 5 |  5.0
Dodging        | |  2.6
Stealth        | |  2.1
Spellcasting   | |  2.7

Action                     |  1- 3 |  4- 6 || total
---------------------------+-------+-------++-------
  Melee: Unarmed           |    41 |       ||    41
         Rapier            |    34 |     3 ||    37
   Cast: Freeze            |    18 |     1 ||    19
    Use: Potion            |       |     2 ||     2
   Stab: Sleeping          |     2 |       ||     2
 Armour: Robe              |    20 |     2 ||    22
         Skin              |       |    15 ||    15
  Dodge: Dodged            |    64 |     5 ||    69
